 Dungeon Crawl Stone Soup version 0.23.2-1-ga50397a6bc (webtiles) character file.

Game seed: 4658847407500542333

51 Lennu the Shooter (level 3, -6/30 HPs)
             Began as a Centaur Hunter on Apr 25, 2019.
             Mangled by a gnoll (7 damage)
             ... on level 2 of the Dungeon.
             The game lasted 00:03:42 (992 turns).

Lennu the Shooter (Centaur Hunter)                   Turns: 992, Time: 00:03:43

Health: -6/30      AC:  4    Str: 14    XL:     3   Next: 57%
Magic:  3/3        EV:  9    Int: 10    God:
Gold:   19         SH:  0    Dex: 10    Spells: 2/2 levels left

rFire    . . .     SeeInvis .   b - +0 short sword
rCold    . . .     Gourm    .   (no shield)
rNeg     . . .     Faith    .   c - +0 leather armour
rPois    .         Spirit   .   (no helmet)
rElec    .         Reflect  .   (no cloak)
rCorr    .         Harm     .   (no gloves)
MR       .....                  (no barding)
Stlth    +.........             (no amulet)
HPRegen  0.10/turn              (no ring)
MPRegen  0.08/turn              (no ring)

@: very quick
A: large, hooves 3, deformed body, speed 2, tough skin 3
a: no special abilities


You were on level 2 of the Dungeon.
You were not hungry.

You visited 1 branch of the dungeon, and saw 2 of its levels.

You collected 19 gold pieces.

Inventory:

Hand Weapons
 a - a +1 shortbow
 b - a +0 short sword (weapon)
Armour
 c - a +0 leather armour (worn)
Scrolls
 e - a scroll of magic mapping {unknown}
 g - a scroll of blinking {unknown}
 h - a scroll of immolation {unknown}
 i - a scroll of random uselessness {unknown}
 k - a scroll of remove curse {unknown}
 m - a scroll of teleportation {unknown}
Potions
 j - a potion of heal wounds {unknown}
Comestibles
 f - 3 rations
 l - 8 chunks of flesh


   Skills:
 * Level 2.4 Fighting
 * Level 6.5 Bows
 * Level 0.3 Armour
 * Level 1.5 Dodging
 - Level 0.4 Stealth


You had 2 spell levels left.
You didn't know any spells.
Your spell library was empty.

Dungeon Overview and Level Annotations

Branches:
Dungeon (2/15)

Altars:
Cheibriados
Hepliaklqana
Xom


Innate Abilities, Weirdness & Mutations

You have hooves in place of feet.
Armour fits poorly on your strangely shaped body.
You cover ground very quickly.
You have extremely tough skin. (AC +3)


Message History

b - a +0 short sword (weapon)
You are too injured to fight recklessly!
You are too injured to fight recklessly!
You are too injured to fight recklessly!
You hit the gnoll.
The gnoll is lightly wounded.
The gnoll closely misses you. The gnoll hits you but does no damage.
You hit the gnoll but do no damage. You kick the gnoll!
The gnoll is severely wounded.
The gnoll barely misses you. x2
You hit the gnoll but do no damage. Your kick misses the gnoll.
The gnoll is severely wounded.
The gnoll hits you!
* * * LOW HITPOINT WARNING * * *
The gnoll hits you.
* * * LOW HITPOINT WARNING * * *
You hit the gnoll. Your kick misses the gnoll.
The gnoll is almost dead.
The gnoll closely misses you. The gnoll hits you!
You die...

#.##.# .....
########.#...
#............
######.####.###.###..
#....<....#........
#......#........######.
#......####.#....(.(.((
#.....@g)(..(.(.#######
##......g÷...........
#......)####.(........
#.......# #....._8_.#
#......## ........_..#
#......# .##.........#
#......# ##........#
#......# +........
#.....(


You could see 2 gnolls.

Vanquished Creatures
  2 gnolls (D:2)
  A dart slug (D:1)
  A leopard gecko (D:1)
  A bat (D:1)
  7 giant cockroaches (D:1)
  A goblin (D:1)
  3 hobgoblins
  3 frilled lizards (D:1)
  4 kobolds
  3 rats
26 creatures vanquished.

Notes
Turn   | Place    | Note
-------+----------+-------------------------------------------
     0 | D:1      | Lennu the Centaur Hunter began the quest for the Orb.
     0 | D:1      | Reached XP level 1. HP: 17/17 MP: 1/1
   361 | D:1      | Reached XP level 2. HP: 25/25 MP: 2/2
   406 | D:1      | Reached skill level 6 in Bows
   846 | D:2      | Reached XP level 3. HP: 23/30 MP: 3/3
   860 | D:2      | Found a shimmering altar of Xom.
   942 | D:2      | Found a hazy altar of Hepliaklqana.
   943 | D:2      | Found a snail-covered altar of Cheibriados.
   991 | D:2      | HP: 1/30 [gnoll (4)]
   992 | D:2      | Mangled by a gnoll

Skill      XL: |  1  2 |
---------------+-------+-----
Bows           | 6 |  6.5
Fighting       | |  2.4
Armour         | |  0.3
Dodging        | |  1.5
Stealth        | |  0.4

Action                   || total
-------------------------++-------
Melee: Short sword       ||    28
       Kick              ||     5
 Fire: Shortbow          ||    57
Armor: Leather armour    ||    12
Dodge: Dodged            ||    18
